 Dungeon Crawl Stone Soup version 0.22.1-1-ga44c0e5 (webtiles) character file.

42 teukkam the Skirmisher (level 3, -1/34 HPs)
             Began as a Minotaur Berserker on Nov 1, 2018.
             Was a Believer of Trog.
             Slain by an adder (3 damage)
             ... on level 2 of the Dungeon.
             The game lasted 00:03:09 (1016 turns).

teukkam the Skirmisher (Minotaur Berserker)         Turns: 1016, Time: 00:03:09

Health: -1/34      AC:  2    Str: 22    XL:     3   Next: 35%
Magic:  2/2        EV: 12    Int:  4    God:    Trog [**....]
Gold:   60         SH:  0    Dex:  9    Spells: 2/2 levels left

rFire    . . .     SeeInvis .   a - +0 hand axe
rCold    . . .     Gourm    .   (no shield)
rNeg     . . .     Faith    .   b - +0 animal skin
rPois    .         Spirit   .   (helmet restricted)
rElec    .         Reflect  .   (no cloak)
rCorr    .         Harm     .   (no gloves)
MR       .....                  (no boots)
Stlth    +.........             (no amulet)
HPRegen  0.11/turn              n - ring of flight
MPRegen  0.08/turn              (no ring)

@: lethally poisoned (-1 -> -2)
A: retaliatory headbutt, horns 2
a: Berserk, Trog's Hand, Renounce Religion, Evoke Flight


You were on level 2 of the Dungeon.
You worshipped Trog.
Trog was pleased with you.
You were not hungry.

You visited 1 branch of the dungeon, and saw 2 of its levels.

You collected 60 gold pieces.

Inventory:

Hand Weapons
 a - a +0 hand axe (weapon)
Missiles
 f - 11 bolts
 h - 75 stones (quivered)
Armour
 b - a +0 animal skin (worn)
Jewellery
 n - a ring of flight (left hand)
Scrolls
 e - a scroll of fog {unknown}
 i - 3 scrolls of identify {unknown}
 l - a scroll of remove curse {unknown}
 m - a scroll of fear {unknown}
Potions
 d - a potion of agility {unknown}
 g - a potion of curing {unknown}
 j - a potion of flight {unknown}
 k - a potion of berserk rage {unknown}
 o - a potion of mutation {unknown}
Comestibles
 c - a ration


   Skills:
 + Level 4.6 Fighting
 + Level 4.6 Axes
 - Level 2.4 Armour
 - Level 2.1 Dodging


You had 2 spell levels left.
You didn't know any spells.
Your spell library contained the following spells:

 Spells                   Type           Power        Failure   Level  Hunger
 Corona                   Hex            #......      50%         1    ##.....
 Ensorcelled Hibernation  Hex/Ice        #.....       65%         2    ###....
 Confuse                  Hex            #.......     86%         3    ####...
 Dazzling Spray           Conj/Hex       #.....       86%         3    ####...
 Tukima's Dance           Hex            #.......     86%         3    ####...


Dungeon Overview and Level Annotations

Branches:
Dungeon (2/15)

Altars:


Innate Abilities, Weirdness & Mutations

You reflexively headbutt those who attack you in melee.
You have a pair of horns on your head.


Message History

You completely miss the adder. Your headbutt misses the adder.
You feel sick. The adder barely misses you. The adder bites you.
You closely miss the adder. The adder closely misses you.
You miss the adder. The adder bites you. x2
* * * LOW HITPOINT WARNING * * *
You hit the adder.
The adder is moderately wounded.
The adder bites you.
* * * LOW HITPOINT WARNING * * *
You closely miss the adder.
The adder is moderately wounded.
You feel sick. The adder bites you but does no damage.
You closely miss the adder. You headbutt the adder.
The adder is moderately wounded.
The adder misses you. The adder bites you.
* * * LOW HITPOINT WARNING * * *
You barely miss the adder.
The adder is moderately wounded.
The adder bites you.
You die...

#. ...# #.##...#.
#.######.###.##...#.
#.............+.....
#..##.........#...##
#..##..(......+...+.
#.............#...#.
#................##.
#.#)S..######...)††.
# #@.............##.
#.†..######....+.<
###..# #....#..
#..... #....+..
#.......#....#..
#.........#+##..
..####### ... ...
... ... #...


You could see an adder.

Vanquished Creatures
  An adder (D:2)
  A leopard gecko (D:1)
  A bat (D:1)
  2 giant cockroaches (D:1)
  3 goblins (D:1)
  3 hobgoblins (D:1)
  6 jackals
  4 kobolds
  3 frilled lizards (D:1)
  5 rats (D:1)
29 creatures vanquished.

Notes
Turn   | Place    | Note
-------+----------+-------------------------------------------
     0 | D:1      | teukkam the Minotaur Berserker began the quest for the Orb.
     0 | D:1      | Reached XP level 1. HP: 19/19 MP: 0/0
   316 | D:1      | Reached XP level 2. HP: 27/27 MP: 1/1
   968 | D:2      | Reached XP level 3. HP: 31/34 MP: 2/2
  1009 | D:2      | Reached ** piety under Trog
  1016 | D:2      | Slain by an adder

Skill      XL: |  1 |
---------------+----+-----
Fighting       | 4 |  4.6
Axes           | 4 |  4.6
Armour         | |  2.4
Dodging        | |  2.1

Action                   || total
-------------------------++-------
Melee: Hand axe          ||    59
       Headbutt          ||     9
Armor: Animal skin       ||    12
Dodge: Dodged            ||    36
